TOP OF THE 1ST |
Springfield Shooters batting - Pitching for Ottawa Nationals : LHP Preston Connely
|
Pitching: LHP Preston Connely
|
|
Batting: LHB José Ruíz
|
0-0: Foul Ball, location: 2F 0-1: Fly out, F8 (Flyball, 8LD)
|
Batting: LHB Gabriel Díaz
|
0-0: Foul Ball, location: 2F 0-1: Called Strike 0-2: Ball 1-2: Ball 2-2: Foul Ball, location: 2F 2-2: Foul Ball, location: 2F 2-2: Ball 3-2: SINGLE (Line Drive, 6)
|
Batting: RHB Tripp Donahue
|
0-0: Swinging Strike 0-1: Ball Gabriel Díaz is caught stealing 2nd base 1-1: Fly out, F9 (Flyball, 9LM)
|
Top of the 1st over - 0 run(s), 1 hit(s), 0 error(s), 0 left on base; Springfield 0 - Ottawa 0 |
BOTTOM OF THE 1ST |
Ottawa Nationals batting - Pitching for Springfield Shooters : RHP Victor de Meij
|
Pitching: RHP Victor de Meij
|
|
Batting: RHB Howard Fewell
|
0-0: Swinging Strike 0-1: Ball 1-1: Ground out 4-3 (Groundball, 4)
|
Batting: RHB Felipe Gonzáles
|
0-0: Ball 1-0: Ball 2-0: Foul Ball, location: 2F 2-1: Foul Ball, location: 2F 2-2: Fly out, F7 (Flyball, 7S)
|
Batting: RHB Wei-qiang Mo
|
0-0: Fly out, F9 (Flyball, 9D)
|
Bottom of the 1st over - 0 run(s), 0 hit(s), 0 error(s), 0 left on base; Springfield 0 - Ottawa 0 |
TOP OF THE 2ND |
Springfield Shooters batting - Pitching for Ottawa Nationals : LHP Preston Connely
|
Batting: RHB Fernando Rivera
|
0-0: Called Strike 0-1: Foul Ball, location: 2F 0-2: Ball 1-2: Strikes out looking
|
Batting: LHB John Ennis
|
0-0: Ball 1-0: Ball 2-0: Ball 3-0: Called Strike 3-1: Foul Ball, location: 2F 3-2: Ground out 4-3 (Groundball, 34)
|
Batting: RHB Javier Vásquez
|
0-0: Ball 1-0: Fly out, F9 (Line Drive, 89M)
|
Top of the 2nd over - 0 run(s), 0 hit(s), 0 error(s), 0 left on base; Springfield 0 - Ottawa 0 |
BOTTOM OF THE 2ND |
Ottawa Nationals batting - Pitching for Springfield Shooters : RHP Victor de Meij
|
Batting: RHB Alfredo Cardenas
|
0-0: Ball 1-0: Swinging Strike 1-1: Foul Ball, location: 2F 1-2: Foul Ball, location: 2F 1-2: Ball 2-2: Foul Ball, location: 2F 2-2: Foul Ball, location: 2F 2-2: DOUBLE (Line Drive, 7LM)
|
Batting: LHB Manuel Sánchez
|
0-0: Called Strike 0-1: Called Strike 0-2: Ball 1-2: Ball 2-2: Strikes out looking
|
Batting: SHB Martín Marrero
|
0-0: Ball 1-0: Foul Ball, location: 2F 1-1: Foul Ball, location: 2F 1-2: Strikes out swinging
|
Batting: RHB Louis Espinosa
|
0-0: Called Strike 0-1: Ball 1-1: Fly out, F8 (Line Drive, 8LM)
|
Bottom of the 2nd over - 0 run(s), 1 hit(s), 0 error(s), 1 left on base; Springfield 0 - Ottawa 0 |
TOP OF THE 3RD |
Springfield Shooters batting - Pitching for Ottawa Nationals : LHP Preston Connely
|
Batting: RHB Grady Walkinshaw
|
0-0: Ball 1-0: Called Strike 1-1: Bunt for hit - play at first, batter OUT! 5-3
|
Batting: RHB Ty Struck
|
0-0: Called Strike 0-1: Swinging Strike 0-2: Ball 1-2: Foul Ball, location: 2F 1-2: SOLO HOME RUN (Flyball, 78XD), Distance : 415 ft
|
Batting: RHB Marcos Adame
|
0-0: Called Strike 0-1: Called Strike 0-2: Foul Ball, location: 2F 0-2: Foul Ball, location: 2F 0-2: Ball 1-2: Ball 2-2: Foul Ball, location: 2F 2-2: Strikes out swinging
|
Batting: LHB José Ruíz
|
0-0: Ball 1-0: Fly out, F9 (Flyball, 9LMF)
|
Top of the 3rd over - 1 run(s), 1 hit(s), 0 error(s), 0 left on base; Springfield 1 - Ottawa 0 |
BOTTOM OF THE 3RD |
Ottawa Nationals batting - Pitching for Springfield Shooters : RHP Victor de Meij
|
Batting: RHB Barry Welch
|
0-0: Fly out, F8 (Line Drive, 8LM)
|
Batting: RHB Warren Martin
|
0-0: Called Strike 0-1: Ball 1-1: Ball 2-1: Called Strike 2-2: Ball 3-2: Strikes out swinging
|
Batting: RHB Howard Fewell
|
0-0: Foul Ball, location: 2F 0-1: Ball 1-1: Foul Ball, location: 2F 1-2: Foul Ball, location: 2F 1-2: SINGLE (Groundball, 3D)
|
Batting: RHB Felipe Gonzáles
|
0-0: Swinging Strike 0-1: Ball 1-1: SINGLE (Line Drive, 6MD) Howard Fewell to second
|
Batting: RHB Wei-qiang Mo
|
0-0: Ball 1-0: Fly out, F9 (Flyball, 9S)
|
Bottom of the 3rd over - 0 run(s), 2 hit(s), 0 error(s), 2 left on base; Springfield 1 - Ottawa 0 |
TOP OF THE 4TH |
Springfield Shooters batting - Pitching for Ottawa Nationals : LHP Preston Connely
|
Batting: LHB Gabriel Díaz
|
0-0: Ball 1-0: Swinging Strike 1-1: Called Strike 1-2: Ground out U3 (Groundball, 3)
|
Batting: RHB Tripp Donahue
|
0-0: Called Strike 0-1: Ball 1-1: Fly out, F7 (Flyball, 7D)
|
Batting: RHB Fernando Rivera
|
0-0: Ball 1-0: Foul Ball, location: 2F 1-1: Foul Ball, location: 2F 1-2: Strikes out swinging
|
Top of the 4th over - 0 run(s), 0 hit(s), 0 error(s), 0 left on base; Springfield 1 - Ottawa 0 |
BOTTOM OF THE 4TH |
Ottawa Nationals batting - Pitching for Springfield Shooters : RHP Victor de Meij
|
Batting: RHB Alfredo Cardenas
|
0-0: SINGLE (Line Drive, 6D)
|
Batting: LHB Manuel Sánchez
|
0-0: Ball 1-0: Called Strike 1-1: Foul Ball, location: 2F 1-2: Ground out 3-1 (Groundball, 34S) Alfredo Cardenas to second
|
Batting: SHB Martín Marrero
|
0-0: Ball 1-0: Foul Ball, location: 2F 1-1: Fly out, F9 (Flyball, 89S)
|
Batting: RHB Louis Espinosa
|
0-0: Called Strike 0-1: DOUBLE (Line Drive, 7LM) Alfredo Cardenas scores
|
Batting: RHB Barry Welch
|
0-0: Foul Ball, location: 2F 0-1: Ground out 5-3 (Groundball, 56)
|
Bottom of the 4th over - 1 run(s), 2 hit(s), 0 error(s), 1 left on base; Springfield 1 - Ottawa 1 |
TOP OF THE 5TH |
Springfield Shooters batting - Pitching for Ottawa Nationals : LHP Preston Connely
|
Batting: LHB John Ennis
|
0-0: Ball 1-0: SINGLE (Groundball, 34D)
|
Batting: RHB Javier Vásquez
|
0-0: Bunted foul 0-1: Sac Bunt - play at first, batter OUT! 2-4 John Ennis to second
|
Batting: RHB Grady Walkinshaw
|
0-0: Ball John Ennis is caught stealing 3rd base 1-0: Ball 2-0: Ground out 2-3 (Groundball, 2R)
|
Top of the 5th over - 0 run(s), 1 hit(s), 0 error(s), 0 left on base; Springfield 1 - Ottawa 1 |
BOTTOM OF THE 5TH |
Ottawa Nationals batting - Pitching for Springfield Shooters : RHP Victor de Meij
|
Batting: RHB Warren Martin
|
0-0: Called Strike 0-1: Ball 1-1: Foul Ball, location: 2F 1-2: Foul Ball, location: 2F 1-2: Ball 2-2: Strikes out swinging
|
Batting: RHB Howard Fewell
|
0-0: Ball 1-0: Foul Ball, location: 2F 1-1: Swinging Strike 1-2: SOLO HOME RUN (Flyball, 78XD), Distance : 389 ft
|
Batting: RHB Felipe Gonzáles
|
0-0: Ball 1-0: Ball 2-0: DOUBLE (Line Drive, 7LM)
|
Batting: RHB Wei-qiang Mo
|
0-0: Called Strike 0-1: Ball 1-1: Ball 2-1: Ball 3-1: Ground out 6-3 (Groundball, 6)
|
Batting: RHB Alfredo Cardenas
|
0-0: Ball 1-0: Called Strike 1-1: Ball 2-1: Ball 3-1: Fly out, F9 (Flyball, 9)
|
Bottom of the 5th over - 1 run(s), 2 hit(s), 0 error(s), 1 left on base; Springfield 1 - Ottawa 2 |
TOP OF THE 6TH |
Springfield Shooters batting - Pitching for Ottawa Nationals : LHP Preston Connely
|
Batting: RHB Ty Struck
|
0-0: SINGLE (Line Drive, 7S)
|
Batting: RHB Marcos Adame
|
0-0: Called Strike 0-1: Reached on error, E6 (Groundball, 6S) Ty Struck to second
|
Batting: LHB José Ruíz
|
0-0: Called Strike 0-1: Ball 1-1: Sac Bunt - play at third, runner OUT! 1-5 Marcos Adame to second
|
Batting: LHB Gabriel Díaz
|
0-0: Ball 1-0: Called Strike Marcos Adame steals 3rd base José Ruíz to second 1-1: Swinging Strike 1-2: Ball 2-2: Foul Ball, location: 2F 2-2: SINGLE (Groundball, 34D) Marcos Adame scores José Ruíz to third Runner from 3rd tries for Home, SAFE, no throw
|
Batting: RHB Tripp Donahue
|
0-0: Ball 1-0: Ball 2-0: Foul Ball, location: 2F 2-1: Foul Ball, location: 2F 2-2: SINGLE (Groundball, 56D) Gabriel Díaz to second Gabriel Díaz to third
|
Batting: RHB Fernando Rivera
|
0-0: Called Strike 0-1: Ball 1-1: Ball 2-1: Foul Ball, location: 2F 2-2: Ball 3-2: Base on Balls Tripp Donahue to second
|
Batting: LHB John Ennis
|
0-0: Fly out, F8 (Flyball, 8LM) Runner from 3rd tags up, SCORES, no throw
|
Batting: RHB Javier Vásquez
|
0-0: Called Strike 0-1: Foul Ball, location: 2F 0-2: Ball 1-2: Ball Wild Pitch! Tripp Donahue to third Fernando Rivera to second 2-2: Foul Ball, location: 2F 2-2: Ball Wild Pitch! Tripp Donahue scores Fernando Rivera to third 3-2: Base on Balls
|
Batting: RHB Grady Walkinshaw
|
0-0: Ball 1-0: Ball 2-0: Swinging Strike 2-1: Fly out, F1 (Line Drive, 15S)
|
Top of the 6th over - 4 run(s), 3 hit(s), 1 error(s), 2 left on base; Springfield 5 - Ottawa 2 |
BOTTOM OF THE 6TH |
Ottawa Nationals batting - Pitching for Springfield Shooters : RHP Victor de Meij
|
Batting: LHB Manuel Sánchez
|
0-0: Fly out, F9 (Flyball, 9)
|
Batting: SHB Martín Marrero
|
0-0: Called Strike 0-1: SINGLE (Groundball, 4D)
|
Batting: RHB Louis Espinosa
|
0-0: Ball 1-0: Ball 2-0: Called Strike 2-1: Fielders Choice at 2nd, 1-6 (Groundball, P)
|
Batting: RHB Barry Welch
|
0-0: Ball 1-0: Ball 2-0: Ball 3-0: Called Strike 3-1: Called Strike 3-2: Foul Ball, location: 2F 3-2: Ground out 6-3 (Groundball, 6)
|
Bottom of the 6th over - 0 run(s), 1 hit(s), 0 error(s), 1 left on base; Springfield 5 - Ottawa 2 |
TOP OF THE 7TH |
Springfield Shooters batting - Pitching for Ottawa Nationals : LHP Preston Connely
|
Batting: RHB Ty Struck
|
0-0: Fly out, F5 (Popup, 5L)
|
Batting: RHB Marcos Adame
|
0-0: Fly out, F8 (Flyball, 8LM)
|
Batting: LHB José Ruíz
|
0-0: Reached on error, E4 (Groundball, 4)
|
Batting: LHB Gabriel Díaz
|
0-0: Called Strike 0-1: Ball 1-1: Ground out 3-1 (Groundball, 34S)
|
Top of the 7th over - 0 run(s), 0 hit(s), 1 error(s), 1 left on base; Springfield 5 - Ottawa 2 |
BOTTOM OF THE 7TH |
Ottawa Nationals batting - Pitching for Springfield Shooters : RHP Victor de Meij
|
Batting: RHB Warren Martin
|
0-0: SINGLE (Line Drive, 4MD)
|
Batting: RHB Howard Fewell
|
0-0: Ball 1-0: Called Strike 1-1: Ball 2-1: Foul Ball, location: 2F 2-2: Ball 3-2: Ground out 1-3 (Groundball, 13S) Warren Martin to second
|
Batting: RHB Felipe Gonzáles
|
0-0: Foul Ball, location: 2F 0-1: Ball 1-1: SINGLE (Line Drive, 56D) Warren Martin to third
|
Batting: RHB Wei-qiang Mo
|
0-0: Called Strike 0-1: Fly out, F9 (Flyball, 9LS)
|
Pitching: LHP Song-saeng Kim
|
|
Batting: RHB Alfredo Cardenas
|
0-0: Called Strike 0-1: Ball 1-1: Ball 2-1: SINGLE (Groundball, 25) (infield hit) Warren Martin scores Felipe Gonzáles to second
|
Pinch Hitting: RHB Dan Curtis
|
0-0: Ball 1-0: Ball 2-0: Foul Ball, location: 2F 2-1: Ball 3-1: Called Strike 3-2: Base on Balls Felipe Gonzáles to third Alfredo Cardenas to second
|
Batting: SHB Martín Marrero
|
0-0: Ball 1-0: Foul Ball, location: 2F 1-1: Fielders Choice at 2nd, 6-4 (Groundball, 6)
|
Bottom of the 7th over - 1 run(s), 3 hit(s), 0 error(s), 2 left on base; Springfield 5 - Ottawa 3 |
TOP OF THE 8TH |
Springfield Shooters batting - Pitching for Ottawa Nationals : LHP Preston Connely
|
Now at 3B: Jim Unknown
|
|
Batting: RHB Tripp Donahue
|
0-0: Called Strike 0-1: Ball 1-1: SINGLE (Groundball, 34D)
|
Batting: RHB Fernando Rivera
|
0-0: Grounds into double play, 4-6-3 (Groundball, 4)
|
Batting: LHB John Ennis
|
0-0: Swinging Strike 0-1: Swinging Strike 0-2: Foul Ball, location: 2F 0-2: Fly out, F3 (Popup, 3)
|
Top of the 8th over - 0 run(s), 1 hit(s), 0 error(s), 0 left on base; Springfield 5 - Ottawa 3 |
BOTTOM OF THE 8TH |
Ottawa Nationals batting - Pitching for Springfield Shooters : LHP Song-saeng Kim
|
Batting: RHB Louis Espinosa
|
0-0: Ball 1-0: Ground out 6-3 (Groundball, 6)
|
Batting: RHB Barry Welch
|
0-0: SINGLE (Groundball, 6MS) (infield hit)
|
Pitching: RHP Kozue Koga
|
|
Batting: RHB Warren Martin
|
0-0: Ball 1-0: Called Strike 1-1: Foul Ball, location: 2F 1-2: Ball 2-2: Foul Ball, location: 2F 2-2: Ball 3-2: Base on Balls Barry Welch to second
|
Pinch Hitting: LHB Jim Unknown
|
0-0: Foul Ball, location: 2F 0-1: Ball 1-1: Ball 2-1: Foul Ball, location: 2F 2-2: Strikes out swinging
|
Batting: RHB Felipe Gonzáles
|
0-0: Fielders Choice at 2nd, 6-4 (Groundball, 6)
|
Bottom of the 8th over - 0 run(s), 1 hit(s), 0 error(s), 1 left on base; Springfield 5 - Ottawa 3 |
TOP OF THE 9TH |
Springfield Shooters batting - Pitching for Ottawa Nationals : LHP Preston Connely
|
Now at SS: Javier Hernández
|
|
Batting: RHB Javier Vásquez
|
0-0: Called Strike 0-1: Ball 1-1: Ball 2-1: Fly out, F3 (Popup, 34)
|
Pitching: RHP Ralph Ogstoun
|
|
Batting: RHB Grady Walkinshaw
|
0-0: Ball 1-0: Ball 2-0: Called Strike 2-1: Ball 3-1: Ground out U3 (Groundball, 34)
|
Batting: RHB Ty Struck
|
0-0: Ball 1-0: Called Strike 1-1: Ball 2-1: Foul Ball, location: 2F 2-2: Fly out, F6 (Line Drive, 6)
|
Top of the 9th over - 0 run(s), 0 hit(s), 0 error(s), 0 left on base; Springfield 5 - Ottawa 3 |
BOTTOM OF THE 9TH |
Ottawa Nationals batting - Pitching for Springfield Shooters : RHP Kozue Koga
|
Pitching: LHP Walt Cooley
|
|
Now in LF: Steve Ladner
|
|
Batting: RHB Wei-qiang Mo
|
0-0: Called Strike 0-1: Foul Ball, location: 2F 0-2: Strikes out swinging
|
Batting: RHB Alfredo Cardenas
|
0-0: Called Strike 0-1: Fly out, F8 (Flyball, 8LM)
|
Batting: SHB Jim Unknown
|
0-0: Called Strike 0-1: Swinging Strike 0-2: Ball 1-2: Ball 2-2: Strikes out looking
|
Bottom of the 9th over - 0 run(s), 0 hit(s), 0 error(s), 0 left on base; Springfield 5 - Ottawa 3 |
|